 Dungeon Crawl Stone Soup version 0.28-a0-687-gb91baff9cc (webtiles) character file.

Game seed: 13295602082142890269

210 bellsore the Digger (level 5, -4/28 HPs)
             Began as a Gargoyle Earth Elementalist on Oct 19, 2021.
             Slain by an iguana (9 damage)
             ... on level 3 of the Dungeon.
             The game lasted 00:08:27 (4068 turns).

bellsore the Digger (Gargoyle Earth Elementalist)   Turns: 4068, Time: 00:08:29

Health: -4/28      AC:  8    Str: 12    XL:     5   Next: 87%
Magic:  4/8        EV: 12    Int: 16    God:
Gold:   86         SH:  0    Dex: 10    Spells: 4/8 levels left

rFire   . . .      SeeInvis .   q - +0 flail (vorpal)
rCold   . . .      Faith    .   (no shield)
rNeg    + . .      Spirit   .   b - +0 robe
rPois   ∞          Reflect  .   p - +1 hat
rElec   +          Harm     .   (no cloak)
rCorr   .          Rampage  .   l - +0 pair of gloves
Will    .....                   (no boots)
Stlth   ++........              e - amulet of regeneration
HPRegen 1.09/turn               (no ring)
MPRegen 0.11/turn               (no ring)

@: no status effects
A: sickness immunity, AC +4, negative energy resistance 1, electricity
resistance, torment resistance 1, petrification resistance
a: no special abilities


You were on level 3 of the Dungeon.
You visited 1 branch of the dungeon, and saw 4 of its levels.

You collected 86 gold pieces.

Inventory:

Hand Weapons
 a - a +0 great sword
 q - a +0 vorpal flail (weapon)
Missiles
 c - 42 stones
Armour
 b - a +0 robe (worn)
 l - a +0 pair of gloves (worn)
 n - a +0 helmet
 p - a +1 hat (worn)
Jewellery
 e - an amulet of regeneration (around neck)
Wands
 o - a wand of flame (21)
Scrolls
 f - a scroll of holy word {unknown}
 h - 3 scrolls of teleportation {unknown}
 i - 3 scrolls of identify {unknown}
 j - a scroll of vulnerability {unknown}
 k - a scroll of noise {unknown}
Potions
 d - a potion of invisibility {unknown}
 g - 2 potions of cancellation {unknown}
 m - a potion of degeneration {unknown}


   Skills:
 + Level 1.8 Dodging
 - Level 2.1 Stealth
 + Level 2.1 Spellcasting
 + Level 3.9 Conjurations
 - Level 0.7 Transmutations
 + Level 5.8 Earth Magic


You had 4 spell levels left.
You knew the following spells:

 Your Spells              Type           Power      Damage    Failure   Level
a - Sandblast             Erth           40%        2d10      1%          1
b - Stone Arrow           Conj/Erth      34%        3d9       9%          3

Your spell library contained the following spells:

 Spells                   Type           Power      Damage    Failure   Level
 Passwall                 Tmut/Erth      10%        N/A       9%          2
 Dazzling Flash           Conj/Hex       16%        N/A       26%         3
 Petrify                  Tmut/Erth      12%        N/A       47%         4
 Agony                    Necr           1%         N/A       99%         5
 Silence                  Hex/Air        0%         N/A       99%         5


Dungeon Overview and Level Annotations

Branches:
Dungeon (4/15)
 Temple: D:4-7

Altars:
Trog


Innate Abilities, Weirdness & Mutations

You are immune to sickness and miasma.
Your stone body is resilient. (AC +4)
You are immune to poison.
You resist negative energy. (rN+)
You are resistant to electric shocks. (rElec)
You are resistant to unholy torment.
You are immune to petrification.


Message History

The iguana misses you.
You climb upwards.
There is a stone staircase leading down here.
You barely miss the iguana. The iguana barely misses you.
The iguana closely misses you.
You closely miss the iguana.
The iguana bites you but does no damage.
You sock the iguana!
The iguana is heavily wounded.
The iguana bites you.
The iguana hisses menacingly.
The iguana barely misses you.
You closely miss the iguana.
The iguana is heavily wounded.
The iguana bites you!
You hit the iguana but do no damage.
The iguana is heavily wounded.
The iguana bites you!
* * * LOW HITPOINT WARNING * * *
Casting: Stone Arrow (quite dangerous; 9% risk of failure)
Confirm with . or Enter, or press ? or * to list all spells.
Aiming: Sandblast (safe; 1% risk of failure)
Press: ? - help, Shift-Dir - straight line, f - iguana
Aim: an iguana (heavily wounded, 83% to hit)
The blast of sand hits the iguana but does no damage.
The iguana is heavily wounded.
c - 43 stones The iguana hisses menacingly.
The iguana bites you.
* * * LOW HITPOINT WARNING * * *
Casting: Sandblast (safe; 1% risk of failure)
Confirm with . or Enter, or press ? or * to list all spells.
Aiming: Sandblast (safe; 1% risk of failure)
Press: ? - help, Shift-Dir - straight line, f/p - iguana
Aim: an iguana (heavily wounded, 83% to hit)
The blast of sand hits the iguana.
The iguana is almost dead.
c - 42 stones The iguana bites you!
You die...

####....
##.###.#
#.##.....####
.### ....#.#
#....##### #
###..#.#
####.# ######
..#.# #.#
#.....
#####.#.# #.#
#.....
........# #.#
#..... #.....#
#.# #..†..
#...l#######.#
#.....
#..@........#
#.....
#..########..#
#..... #..
#..# #.....
... #..#
#####' ...
#..# #. .#
#..# #. #..#
#. #..#######.
#........).


You could see an iguana.

Vanquished Creatures
  A necrophage (D:2)
  A bullfrog skeleton (D:3)
  4 gnolls (D:3)
  2 worms
  2 ball pythons (D:1)
  5 bats
  7 endoplasms
  3 giant cockroaches
  5 goblins
  6 hobgoblins
  4 jackals (D:2)
  A quokka (D:3)
  2 frilled lizards
  2 kobolds
  5 rats
50 creatures vanquished.

Vanquished Creatures (others)
  A plant (D:3)
1 creature vanquished.

Grand Total: 51 creatures vanquished

Notes
Turn   | Place    | Note
-------+----------+-------------------------------------------
     0 | D:1      | bellsore the Gargoyle Earth Elementalist began the quest
                  | for the Orb.
     0 | D:1      | Reached XP level 1. HP: 10/10 MP: 3/3
   363 | D:1      | Found a faded altar of an unknown god.
   594 | D:1      | Reached skill level 1 in Conjurations
   634 | D:1      | Reached skill level 4 in Earth Magic
   634 | D:1      | Reached XP level 2. HP: 15/15 MP: 5/5
  1560 | D:2      | Reached XP level 3. HP: 7/19 MP: 4/6
  1568 | D:2      | Learned a level 3 spell: Stone Arrow
  1808 | D:2      | Noticed a necrophage
  1827 | D:2      | Killed a necrophage
  1828 | D:2      | Reached skill level 5 in Earth Magic
  1828 | D:2      | Reached XP level 4. HP: 20/24 MP: 1/7
  2283 | D:2      | Reached XP level 5. HP: 28/28 MP: 3/8
  3268 | D:3      | Found a bloodstained altar of Trog.
  4068 | D:3      | Slain by an iguana

Illustrated notes

Levels and vault maps discovered:
D:1:      lightli_arrival_quake, layout_basic,
          hellmonk_ecumenical_altar_leap_of_faith, minmay_cupped
D:2:      layout_basic, grunt_decor_resistance, grunt_ministairs_7,
          kennysheep_generic_room_11
D:3:      layout_basic, nicolae_overflow_crystal_walls, tso_oasis_becter,
          chequers_jeans
D:4:      layout_basic, nicolae_gozag_cash_rules_everything_around_me,
          minmay_temple_entry_mini_moons, hangedman_decor_lopped,
          grunt_ministairs_13

Skill      XL: |  1  2  3 |
---------------+----------+-----
Conjurations   | 1 3 |  3.9
Earth Magic    | 4 5 |  5.8
Dodging        | |  1.8
Stealth        | |  2.1
Spellcasting   | |  2.1
Transmutations | |  0.7

Action                   |  1- 3 |  4- 6 || total
-------------------------+-------+-------++-------
Melee: Great sword       |    41 |    59 ||   100
       Unarmed           |     9 |       ||     9
       Flail             |       |     5 ||     5
 Cast: Sandblast         |    15 |    14 ||    29
       Stone Arrow       |       |    14 ||    14
 Stab: Sleeping          |     3 |     2 ||     5
Armor: Robe              |    23 |    47 ||    70
Dodge: Dodged            |    41 |    78 ||   119

Table legend: (Time is in decaauts)
 A = Elapsed time spent in this place.
 B = Non-inter-level travel time spent in this place.
 C = Inter-level travel time spent in this place.
 D = Time resting spent in this place.
 E = Time spent auto-exploring this place.
 F = Levels seen in this place.
 G = Mean time per level.
                   A        B        C        D        E       F      G
               +--------+--------+--------+--------+--------+-----+--------+
         Total |   4138 |   4035 |    103 |   1192 |   2225 |   4 | 1034.5 |
       Dungeon |   4138 |   4035 |    103 |   1192 |   2225 |   4 | 1034.5 |
               +--------+--------+--------+--------+--------+-----+--------+

Top non-repeatable levels by time:
     D:2: 1594 daAuts
     D:1: 1558 daAuts
     D:3: 980 daAuts
     D:4: 4 daAuts
